 Dungeon Crawl Stone Soup version 0.28-a0-1412-gf95308ed99 (webtiles) character file.

Game seed: 7394267269241172692

23 HallandMoats the Skirmisher (level 2, 0/26 HPs)
             Began as a Ghoul Fighter on Jan 6, 2022.
             Slain by Natasha (4 damage)
             ... on level 1 of the Dungeon.
             The game lasted 00:01:12 (1301 turns).

HallandMoats the Skirmisher (Ghoul Fighter)         Turns: 1301, Time: 00:01:13

Health: 0/26       AC:  6    Str: 19    XL:     2   Next: 95%
Magic:  1/1        EV:  9    Int:  3    God:
Gold:   62         SH:  4    Dex:  8    Spells: 1/1 levels left

rFire   . . .      SeeInvis .   b - +1 dagger (venom)
rCold   + . .      Faith    .   c - +0 buckler
rNeg    + + +      Spirit   .   f - +0 scale mail
rPois   ∞          Reflect  .   (no helmet)
rElec   .          Harm     .   (no cloak)
rCorr   .          Rampage  .   (no gloves)
Will    .....                   (no boots)
Stlth   ..........              (no amulet)
HPRegen 0.00/turn               (no ring)
MPRegen 0.07/turn               (no ring)

@: inhibited regen
A: claws 1, cold resistance 1, negative energy resistance 3, inhibited
regeneration, torment resistance 2
a: no special abilities


You were on level 1 of the Dungeon.
You visited 1 branch of the dungeon, and saw 2 of its levels.

You collected 62 gold pieces.

Inventory:

Hand Weapons
 a - a +0 war axe
 b - a +1 dagger of venom (weapon)
Armour
 c - a +0 buckler (worn)
 f - a +0 scale mail (worn)
Scrolls
 e - a scroll of identify {unknown}
Potions
 d - a potion of might
 g - a potion of curing {unknown}


   Skills:
 + Level 3.4 Fighting
 + Level 2.0 Axes
 + Level 2.8 Armour
 + Level 0.4 Dodging
 * Level 3.0 Shields
 + Level 0.5 Invocations


You had one spell level left.
You didn't know any spells.
Your spell library was empty.

Dungeon Overview and Level Annotations

Branches:
Dungeon (2/15)

Altars:

Annotations:
D:1 Natasha
D:2 Sigmund


Innate Abilities, Weirdness & Mutations

You thrive by killing the living.
You are immune to poison.
You have sharp fingernails.
Your flesh is cold resistant. (rC+)
You are immune to negative energy. (rN+++)
You do not regenerate when monsters are visible.
You are immune to unholy pain and torment.


Message History

The ball python constricts you.
Natasha casts a spell.
You hit the ball python.
You kill the ball python!
You feel better. Something hits you.
* * * LOW HITPOINT WARNING * * *
You climb upwards.
Reactivating autopickup.
There is a stone staircase leading down here.
You start resting.
You start resting.
HP restored.
You start waiting.
Done waiting.
You climb downwards.
Level annotation: Natasha, Sigmund Sigmund hits you from afar with a +0 scythe!
Natasha mumbles some strange words.
Natasha glows brightly for a moment.
The endoplasm barely misses you.
There is a stone staircase leading up here.
Natasha casts a spell at you. The magic dart hits you. The endoplasm hits you.
Sigmund misses you.
You climb upwards.
There is a stone staircase leading down here.
You hit Natasha.
Natasha is lightly wounded.
Natasha claws you.
* * * LOW HITPOINT WARNING * * *
The endoplasm freezes you.
You are frozen.
You resist.
* * * LOW HITPOINT WARNING * * *
Natasha claws you but does no damage.
You hit the endoplasm.
The endoplasm is almost dead.
The endoplasm freezes you.
You are frozen.
You resist.
* * * LOW HITPOINT WARNING * * *
Natasha claws you.
You die...

....#######
..........#
..........#
..........#
..........#
..........#
####......#
.....#.###########
........†......J@#
###..#.#########h#
.....#.# #...# #.#
###.##.# #...# #.#
# #.##.###...###.#
# #.##...'.......#
###.##.###...#####
....##.# #####
....##.#


You could see Natasha and an endoplasm.

Vanquished Creatures
  4 ball pythons
  3 endoplasms (D:1)
  2 goblins (D:1)
  3 hobgoblins
  A quokka (D:1)
  3 bats
  A frilled lizard (D:2)
  2 kobolds (D:1)
  2 rats
21 creatures vanquished.

Notes
Turn   | Place    | Note
-------+----------+-------------------------------------------
     0 | D:1      | HallandMoats the Ghoul Fighter began the quest for the Orb.
     0 | D:1      | Reached XP level 1. HP: 19/19 MP: 0/0
   234 | D:1      | Reached XP level 2. HP: 24/26 MP: 1/1
   892 | D:2      | Noticed Natasha
   893 | D:2      | Noticed Sigmund
   910 | D:2      | Noticed a crimson imp
   919 | D:2      | Noticed a crimson imp
   921 | D:2      | Noticed a crimson imp
  1301 | D:1      | Slain by Natasha

Illustrated notes

Levels and vault maps discovered:
D:1:      minmay_arrival_four_circles, layout_basic,
          corexii_item_surrounded_by_moat
D:2:      layout_basic, minmay_indecisive_spiral, uniq_natasha, uniq_sigmund

Skill      XL: |  1  2 |
---------------+-------+-----
Axes           | 2 |  2.0
Shields        | 3 |  3.0
Fighting       | |  3.4
Armour         | |  2.8
Dodging        | |  0.4
Invocations    | |  0.5

Action                   || total
-------------------------++-------
Melee: War axe           ||    36
       Dagger            ||    20
Armor: Scale mail        ||    26
Dodge: Dodged            ||    51
Block: Buckler           ||    10

Table legend: (Time is in decaauts)
 A = Elapsed time spent in this place.
 B = Non-inter-level travel time spent in this place.
 C = Inter-level travel time spent in this place.
 D = Time resting spent in this place.
 E = Time spent auto-exploring this place.
 F = Levels seen in this place.
 G = Mean time per level.
                   A        B        C        D        E       F      G
               +--------+--------+--------+--------+--------+-----+--------+
         Total |   1329 |   1305 |     24 |    372 |    733 |   2 |  664.5 |
       Dungeon |   1329 |   1305 |     24 |    372 |    733 |   2 |  664.5 |
               +--------+--------+--------+--------+--------+-----+--------+

Top non-repeatable levels by time:
     D:1: 1217 daAuts
     D:2: 111 daAuts
